 Dungeon Crawl Stone Soup version 0.22-a0-775-ga7d80019b5 (webtiles) character file.

54 Ablot the Sneak (level 4, 0/24 HPs)
             Began as a Kobold Enchanter on July 18, 2018.
             Succumbed to an adder's poison
             ... on level 2 of the Dungeon.
             The game lasted 00:05:02 (1809 turns).

Ablot the Sneak (Kobold Enchanter)                  Turns: 1809, Time: 00:05:02

Health: 0/24       AC:  2    Str:  5    XL:     4   Next: 12%
Magic:  7/7        EV: 16    Int: 16    God:
Gold:   18         SH:  0    Dex: 16    Spells: 6/7 levels left

rFire    . . .     SeeInvis .   f - +2 dagger (vamp)
rCold    . . .     Gourm    .   (shield restricted)
rNeg     . . .     Faith    .   b - +0 robe
rPois    .         Spirit   .   (no helmet)
rElec    .         Reflect  .   (no cloak)
rCorr    .         Harm     .   (no gloves)
MR       .....                  (no boots)
Stlth    +++.......             (no amulet)
HPRegen  0.08/turn              (no ring)
MPRegen  0.10/turn              (no ring)

@: lethally poisoned (0 -> -10)
A: small, carnivore
a: no special abilities


You were on level 2 of the Dungeon.
You were completely stuffed.

You visited 1 branch of the dungeon, and saw 2 of its levels.

You collected 18 gold pieces.

Inventory:

Hand Weapons
 f - a +2 vampiric dagger (weapon)
Armour
 b - a +0 robe (worn)
Scrolls
 i - a scroll of teleportation
Potions
 a - a potion of haste {unknown}
 c - a potion of curing {unknown}
 e - 2 potions of degeneration {unknown}
 g - a potion of might {unknown}
Comestibles
 d - a ration


   Skills:
 + Level 0.1 Fighting
 * Level 2.2 Short Blades
 + Level 3.0 Dodging
 + Level 4.6 Stealth
 + Level 2.3 Spellcasting
 + Level 3.7 Hexes


You had 6 spell levels left.
You knew the following spells:

 Your Spells              Type           Power        Failure   Level  Hunger
a - Corona                Hex            ##.....      4%          1    #......

Your spell library contained the following spells:

 Spells                   Type           Power        Failure   Level  Hunger
 Confuse                  Hex            ##......     13%         3    ###....
 Tukima's Dance           Hex            ##......     13%         3    ###....
 Ensorcelled Hibernation  Hex/Ice        #.....       14%         2    ###....
 Dazzling Spray           Conj/Hex       #.....       28%         3    ###....


Dungeon Overview and Level Annotations

Branches:
Dungeon (2/15)

Altars:


Innate Abilities, Weirdness & Mutations

You are small and have problems with some larger weapons.
You are carnivorous and can eat meat at any time.


Message History

You feel sick.
Things that are here:
2 chunks of flesh; an adder skeleton
There is a lethal amount of poison in your body!
As you read the scroll labeled FEGRUM SAIWN, it crumbles to dust.
You feel strangely unstable.
It was a scroll of teleportation.
* * * LOW HITPOINT WARNING * * *
You feel sick.
As you read the scroll labeled VICKIV UNUOSCH, it crumbles to dust.
You feel blessed for a moment.
It was a scroll of remove curse.
* * * LOW HITPOINT WARNING * * *
You feel sick.
As you read the scroll labeled EXZUEFF IGEMO, it crumbles to dust.
The scroll dissolves into smoke.
It was a scroll of fog.
* * * LOW HITPOINT WARNING * * *
You feel sick.
* * * LOW HITPOINT WARNING * * *
You feel sick.
Your surroundings suddenly seem different.
You die...

... #.#
#.# ...
##.## b..
#.# #@#
#.......#
#.....###
#....%
#####


You could see a bat (sleeping).

Vanquished Creatures
  3 adders (D:2)
  2 dart slugs (D:1)
  2 leopard geckos
  A giant cockroach (D:1)
  A goblin (D:1)
  A hobgoblin (D:1)
  4 jackals (D:1)
  3 kobolds
  2 ball pythons (D:1)
  A bat (D:1)
  A frilled lizard (D:1)
  A rat (D:1)
22 creatures vanquished.

Notes
Turn   | Place    | Note
-------+----------+-------------------------------------------
     0 | D:1      | Ablot the Kobold Enchanter began the quest for the Orb.
     0 | D:1      | Reached XP level 1. HP: 10/10 MP: 3/3
    59 | D:1      | Reached XP level 2. HP: 4/15 MP: 5/5
   925 | D:1      | Reached XP level 3. HP: 19/19 MP: 6/6
  1048 | D:2      | Found a faded altar of an unknown god.
  1802 | D:2      | Reached XP level 4. HP: 7/24 MP: 7/7
  1807 | D:2      | HP: 1/24 [poisoned by an adder]
  1809 | D:2      | Succumbed to an adder's poison

Vault maps used:
D:1:      sevenhm_arrival_forest_fort_small_6, solitary_fountain,
          hangedman_decor_growths
D:2:      nicolae_overflow_hidden_temple,
          chequers_ecumenical_altar_simple_redux, uniq_robin

Skill      XL: |  1  2  3 |
---------------+----------+-----
Short Blades   | 2 |  2.2
Dodging        | 3 |  3.0
Fighting       | |  0.1
Stealth        | |  4.6
Spellcasting   | |  2.3
Hexes          | |  3.7

Action                   |  1- 3 |  4- 6 || total
-------------------------+-------+-------++-------
Melee: Dagger            |   117 |       ||   117
  Use: Scroll            |       |     3 ||     3
 Stab: Sleeping          |     6 |       ||     6
  Eat: Chunk             |    16 |       ||    16
Armor: Robe              |     8 |       ||     8
Dodge: Dodged            |    86 |       ||    86

Table legend:
 A = Spawn XP
 B = Non-spawn XP
 C = Spawn XP percentage of total XP
 D = Spawn monster count
 E = Non-spawn monster count
 F = Spawn count percentage of total count
 G = Total turns spent on level
                    A         B        C        D         E        F      G
               +---------+---------+-------+---------+---------+-------+---------
         Total |       0 |      78 |   0.0 |       0 |      22 |   0.0 |  1809
               +---------+---------+-------+---------+---------+-------+---------
           D:1 |       0 |      34 |   0.0 |       0 |      17 |   0.0 |  1406
           D:2 |       0 |      44 |   0.0 |       0 |       5 |   0.0 |   403
               +---------+---------+-------+---------+---------+-------+---------
